 Dungeon Crawl Stone Soup version 0.27-a0-1036-g8e1b44f6bd (webtiles) character file.

Game seed: 16012403753531314841

165 harryhousin the Cleaver (level 5, 0/41 HPs)
             Began as a Gnoll Wanderer on Apr 18, 2021.
             Killed from afar by an orc wizard (7 damage)
             ... with a magic dart
             ... on level 3 of the Dungeon.
             The game lasted 00:11:08 (4005 turns).

harryhousin the Cleaver (Gnoll Wanderer)            Turns: 4005, Time: 00:11:08

Health: 0/41       AC:  3    Str: 13    XL:     5   Next: 46%
Magic:  7/7        EV:  9    Int: 11    God:
Gold:   57         SH:  8    Dex: 11    Spells: 7/7 levels left

rFire    . . .     SeeInvis .   a - +2 hand axe
rCold    . . .     Faith    .   f - +0 kite shield
rNeg     . . .     Spirit   .   d - +0 robe
rPois    .         Reflect  .   e - +0 helmet
rElec    .         Harm     .   (no cloak)
rCorr    .         Rampage  .   (no gloves)
Will     .....                  (no boots)
Stlth    ++........             (no amulet)
HPRegen  0.13/turn              (no ring)
MPRegen  0.10/turn              (no ring)

@: no status effects
A: fangs 1, strong nose, distributed training
a: no special abilities


You were on level 3 of the Dungeon.
You visited 1 branch of the dungeon, and saw 3 of its levels.

You collected 57 gold pieces.

Inventory:

Hand Weapons
 a - a +2 hand axe (weapon)
 b - a +0 mace
Missiles
 g - a throwing net (quivered)
Armour
 d - a +0 robe (worn)
 e - a +0 helmet (worn)
 f - a +0 kite shield (worn)


   Skills:
 + Level 3.0 Fighting
 + Level 1.5 Short Blades
 + Level 1.5 Long Blades
 + Level 8.6 Axes
 + Level 1.5 Maces & Flails
 + Level 1.5 Polearms
 + Level 1.5 Staves
 + Level 1.5 Slings
 + Level 3.0 Bows
 + Level 1.5 Crossbows
 + Level 1.5 Throwing
 + Level 4.8 Armour
 + Level 1.5 Dodging
 + Level 2.8 Stealth
 + Level 3.0 Shields
 + Level 1.5 Unarmed Combat
 + Level 1.5 Spellcasting
 + Level 1.2 Conjurations
 + Level 1.2 Hexes
 + Level 1.2 Summonings
 + Level 1.2 Necromancy
 + Level 1.2 Translocations
 + Level 1.2 Transmutations
 + Level 1.2 Fire Magic
 + Level 1.2 Ice Magic
 + Level 1.2 Air Magic
 + Level 1.2 Earth Magic
 + Level 1.2 Poison Magic
 + Level 1.7 Invocations
 + Level 1.5 Evocations


You had 7 spell levels left.
You didn't know any spells.
Your spell library was empty.

Dungeon Overview and Level Annotations

Branches:
Dungeon (3/15)

Altars:

Annotations:
D:3 2 transporters, shoop's ghost, amateur PaAK


Innate Abilities, Weirdness & Mutations

You have very sharp teeth.
Your uncanny sense of smell can sniff out nearby items.
Your experience applies equally to all skills.


Message History

* * * LOW HITPOINT WARNING * * *
You feel better. The orc wizard misses you. The orc hits you with a +0 flail.
You block the orc's attack.
You hit the orc. You bite the orc, but do no damage.
The orc is moderately wounded.
You hit the orc but do no damage. The orc wizard closely misses you.
The orc barely misses you. The orc hits you but does no damage.
You slash the orc!
You kill the orc!
Your shield prevents you from hitting the orc.
The orc wizard closely misses you. You block the orc's attack.
The orc wizard barely misses you. The orc hits you with a +0 flail.
* * * LOW HITPOINT WARNING * * *
Things that are here:
a +0 mace; a +0 leather armour You barely miss the orc wizard.
The ball python hisses angrily.
You hit the orc.
You kill the orc!
The orc wizard hits you with a +0 spear.
* * * LOW HITPOINT WARNING * * *
You block the orc wizard's attack.
You barely miss the orc wizard.
The orc wizard hits you but does no damage.
You hit the orc wizard.
The orc wizard is moderately wounded.
The orc wizard gestures at itself while chanting.
The orc wizard flickers and vanishes!
Deactivating autopickup; reactivate with Ctrl-A.
You hit something. You bite something.
You hear some strange, mumbled words.
Something tries to affect you, but you resist.
You closely miss something. Something hits you but does no damage.
You closely miss something. Something hits you.
* * * LOW HITPOINT WARNING * * *
You closely miss something.
You hear some strange, mumbled words.
A magic dart appears from out of thin air!
The magic dart hits you!
You die...

######## #..>... #......####
#.##..# #.##......# #.##..#
####.##.#.##.#####.##)..
#.......#.......g..).#.#
#.##.##.#..#.#####.#....
####.##.##.................
#........)....##.######g...
#.##......@{####.# ####.#.#
#.##...####.####.# #.......
##.##.....#..>....###.##.#..
#.......#.#.................
#..###........[..........#..
#.......#.#....#########....
#.##......#...##SW.....##...
#.##.##.# #...#8.#...#.8#...
#.##.##.###...#W..#.#...#...


You could see shoop's ghost and a ball python.

Vanquished Creatures
  A jelly (D:3)
  3 adders
  6 gnolls
  2 dart slugs
  3 orcs (D:3)
  2 bats (D:1)
  3 endoplasms
  A giant cockroach (D:1)
  3 goblins
  4 hobgoblins
  7 jackals
  3 kobolds
  A quokka (D:3)
  2 ball pythons (D:2)
  4 frilled lizards
  2 rats (D:2)
47 creatures vanquished.

Notes
Turn   | Place    | Note
-------+----------+-------------------------------------------
     0 | D:1      | harryhousin the Gnoll Wanderer began the quest for the Orb.
     0 | D:1      | harryhousin set off with the following items: a +2 hand
                  | axe, a +0 mace, a potion of curing, a +0 robe
     0 | D:1      | Reached XP level 1. HP: 17/17 MP: 1/1
   413 | D:1      | Reached XP level 2. HP: 18/23 MP: 2/2
  1251 | D:2      | Reached XP level 3. HP: 19/28 MP: 3/3
  1609 | D:2      | Reached skill level 1 in Invocations
  1629 | D:2      | Reached skill level 1 in Short Blades
  1629 | D:2      | Reached skill level 1 in Long Blades
  1629 | D:2      | Reached skill level 1 in Maces & Flails
  1629 | D:2      | Reached skill level 1 in Polearms
  1629 | D:2      | Reached skill level 1 in Staves
  1629 | D:2      | Reached skill level 1 in Slings
  1629 | D:2      | Reached skill level 1 in Crossbows
  1629 | D:2      | Reached skill level 1 in Throwing
  1629 | D:2      | Reached skill level 1 in Dodging
  1629 | D:2      | Reached skill level 1 in Unarmed Combat
  1629 | D:2      | Reached skill level 1 in Spellcasting
  1629 | D:2      | Reached skill level 1 in Evocations
  1805 | D:2      | Reached XP level 4. HP: 31/34 MP: 5/5
  1836 | D:2      | Found a faded altar of an unknown god.
  2711 | D:3      | Found a transporter.
  2712 | D:3      | Noticed shoop's ghost (amateur PaAK)
  2725 | D:3      | Reached skill level 1 in Conjurations
  2725 | D:3      | Reached skill level 1 in Hexes
  2725 | D:3      | Reached skill level 1 in Summonings
  2725 | D:3      | Reached skill level 1 in Necromancy
  2725 | D:3      | Reached skill level 1 in Translocations
  2725 | D:3      | Reached skill level 1 in Transmutations
  2725 | D:3      | Reached skill level 1 in Fire Magic
  2725 | D:3      | Reached skill level 1 in Ice Magic
  2725 | D:3      | Reached skill level 1 in Air Magic
  2725 | D:3      | Reached skill level 1 in Earth Magic
  2725 | D:3      | Reached skill level 1 in Poison Magic
  2831 | D:3      | Found a transporter.
  3063 | D:3      | Reached XP level 5. HP: 9/40 MP: 6/6
  4005 | D:3      | Killed from afar by an orc wizard

Illustrated notes

Levels and vault maps discovered:
D:1:      dpeg_arrival_lava_temple_mockup, layout_basic
D:2:      layout_basic, chequers_ecumenical_altar_simple
D:3:      layout_loops_cross, serial_rivers, chequers_serial_rivers_micro_c,
          chequers_serial_rivers_room_a, chequers_serial_rivers_large_b,
          chequers_serial_rivers_large_a, chequers_serial_rivers_micro_d,
          chequers_serial_rivers_micro_b, gammafunk_ghost_arena, minivault_23

Skill      XL: |  1  2  3  4  5 |
---------------+----------------+-----
Invocations    | 1 |  1.7
Short Blades   | 1 |  1.5
Long Blades    | 1 |  1.5
Maces & Flails | 1 |  1.5
Polearms       | 1 |  1.5
Staves         | 1 |  1.5
Slings         | 1 |  1.5
Crossbows      | 1 |  1.5
Throwing       | 1 |  1.5
Dodging        | 1 |  1.5
Unarmed Combat | 1 |  1.5
Spellcasting   | 1 |  1.5
Evocations     | 1 |  1.5
Conjurations   | 1 |  1.2
Hexes          | 1 |  1.2
Summonings     | 1 |  1.2
Necromancy     | 1 |  1.2
Translocations | 1 |  1.2
Transmutations | 1 |  1.2
Fire Magic     | 1 |  1.2
Ice Magic      | 1 |  1.2
Air Magic      | 1 |  1.2
Earth Magic    | 1 |  1.2
Poison Magic   | 1 |  1.2
Fighting       | 3 |  3.0
Bows           | 3 |  3.0
Shields        | 3 |  3.0
Axes           | |  8.6
Armour         | |  4.8
Stealth        | |  2.8

Action                   |  1- 3 |  4- 6 || total
-------------------------+-------+-------++-------
Melee: Hand axe          |    53 |   104 ||   157
       Bite              |       |     8 ||     8
  Use: Potion            |       |     1 ||     1
 Stab: Sleeping          |     5 |     1 ||     6
       Distracted        |       |     1 ||     1
Armor: Robe              |     4 |    16 ||    20
Dodge: Dodged            |    25 |    54 ||    79
Block: Kite shield       |       |    16 ||    16

Table legend: (Time is in decaauts)
 A = Elapsed time spent in this place.
 B = Non-inter-level travel time spent in this place.
 C = Inter-level travel time spent in this place.
 D = Time resting spent in this place.
 E = Time spent auto-exploring this place.
 F = Levels seen in this place.
 G = Mean time per level.
                   A        B        C        D        E       F      G
               +--------+--------+--------+--------+--------+-----+--------+
         Total |   4001 |   3760 |    241 |   1695 |   1069 |   3 | 1333.7 |
       Dungeon |   4001 |   3760 |    241 |   1695 |   1069 |   3 | 1333.7 |
               +--------+--------+--------+--------+--------+-----+--------+

Top non-repeatable levels by time:
     D:1: 1666 daAuts
     D:2: 1461 daAuts
     D:3: 873 daAuts
